 Dungeon Crawl Stone Soup version 0.24.1-8-ga250c9d538 (webtiles) character file.

Game seed: 17716867850517385191, levelgen mode: deterministic

62 Peloso the Skirmisher (level 4, -4/40 HPs)
             Began as a Ghoul Fighter on May 4, 2020.
             Killed from afar by an orc wizard (6 damage)
             ... with a magic dart
             ... on level 2 of the Dungeon.
             The game lasted 00:01:55 (757 turns).

Peloso the Skirmisher (Ghoul Fighter)                Turns: 757, Time: 00:01:56

Health: -4/40      AC:  7    Str: 23 (24) XL:     4   Next: 8%
Magic:  3/3        EV:  7    Int:  1 (3)  God:
Gold:   43         SH:  9    Dex:  6 (9)  Spells: 3/3 levels left

rFire    + . .     SeeInvis .   a - +0 long sword
rCold    + . .     Gourm    .   c - +0 shield
rNeg     + + +     Faith    .   b - +0 scale mail
rPois    ∞         Spirit   .   (no helmet)
rElec    .         Reflect  .   (no cloak)
rCorr    .         Harm     .   (no gloves)
MR       .....                  m - +0 pair of boots
Stlth    ..........             (no amulet)
HPRegen  0.00/turn              e - ring of protection from fire
MPRegen  0.08/turn              (no ring)

@: mighty, rotting
A: rotting body, claws 1, carnivore, cold resistance 1, negative energy
resistance 3, inhibited regeneration, torment resistance, unbreathing
a: no special abilities


You were on level 2 of the Dungeon.
You were not hungry.

You visited 1 branch of the dungeon, and saw 2 of its levels.

You collected 43 gold pieces.

Inventory:

Hand Weapons
 a - a +0 long sword (weapon)
Armour
 b - a +0 scale mail (worn)
 c - a +0 shield (worn)
 m - a +0 pair of boots (worn)
Jewellery
 e - a ring of protection from fire (left claw)
Scrolls
 i - 2 scrolls of remove curse {unknown}
 j - a scroll of immolation {unknown}
 k - a scroll of magic mapping {unknown}
 n - a scroll of identify {unknown}
 o - a scroll of teleportation {unknown}
Potions
 g - a potion of degeneration
Comestibles
 f - 4 rations


   Skills:
 + Level 3.7 Fighting
 + Level 2.4 Long Blades
 + Level 3.1 Armour
 + Level 0.6 Dodging
 + Level 0.1 Stealth
 + Level 3.1 Shields


You had 3 spell levels left.
You didn't know any spells.
Your spell library was empty.

Dungeon Overview and Level Annotations

Branches:
Dungeon (2/15)

Altars:


Innate Abilities, Weirdness & Mutations

Your body is rotting away.
You thrive on raw meat.
You are immune to poison.
You have sharp fingernails.
You are carnivorous and can eat meat at any time.
Your flesh is cold resistant. (rC+)
You are immune to negative energy. (rN+++)
You do not regenerate when monsters are visible.
You are immune to unholy pain and torment.
You can survive without breathing.


Message History

It was a potion of degeneration.
There was something very wrong with that liquid.
You feel weakened.
You feel dopey.
You feel clumsy. Something hits you but does no damage.
You block the orc's attack.
It was a potion of curing.
You feel better. Something hits you.
* * * LOW HITPOINT WARNING * * *
The orc hits you but does no damage.
You feel very mighty all of a sudden.
You hear some strange, mumbled words.
A magic dart appears from out of thin air!
The magic dart hits you.
* * * LOW HITPOINT WARNING * * *
The orc hits you with a +0 club.
* * * LOW HITPOINT WARNING * * *
You miss something. Something hits you but does no damage.
You block the orc's attack.
You hear some strange, mumbled words.
A magic dart appears from out of thin air!
The magic dart hits you.
You die...

###
##...##
......o##
♣♣@##
♣.{.#
♣♣.♣♣##
♣...♣.###
♣..♣♣....#
♣♣♣ ♣....#
♣....#
♣.♣..#
♣♣...##


You could see an orc.

Vanquished Creatures
  An orc priest (D:2)
  A dart slug (D:1)
  4 giant cockroaches
  4 goblins (D:1)
  8 hobgoblins (D:1)
  2 jackals (D:1)
  A kobold (D:1)
  2 bats (D:1)
  A frilled lizard (D:1)
  4 rats (D:1)
28 creatures vanquished.

Notes
Turn   | Place    | Note
-------+----------+-------------------------------------------
     0 | D:1      | Peloso the Ghoul Fighter began the quest for the Orb.
     0 | D:1      | Reached XP level 1. HP: 19/19 MP: 0/0
    90 | D:1      | Reached XP level 2. HP: 10/25 MP: 1/1
   347 | D:1      | Reached XP level 3. HP: 20/31 MP: 2/2
   744 | D:2      | Reached XP level 4. HP: 17/40 MP: 3/3
   756 | D:2      | HP: 2/40 [orc/+0 club (4)]
   757 | D:2      | Killed from afar by an orc wizard

Levels and vault maps discovered:
D:1:      lemuel_arrival_muddy, layout_rooms
D:2:      layout_loops_ring, lemuel_blue_sif_altar,
          chequers_ecumenical_altar_grove, uniq_sigmund, uniq_robin,
          uniq_terence

Skill      XL: |  1  2 |
---------------+-------+-----
Shields        | 3 |  3.1
Long Blades    | 2 |  2.4
Armour         | 3 |  3.1
Fighting       | |  3.7
Dodging        | |  0.6
Stealth        | |  0.1

Action                   |  1- 3 |  4- 6 || total
-------------------------+-------+-------++-------
Melee: Long sword        |    96 |     9 ||   105
  Use: Potion            |       |     3 ||     3
  Eat: Chunk             |     3 |       ||     3
Armor: Scale mail        |    53 |     8 ||    61
Dodge: Dodged            |    24 |     4 ||    28
Block: Shield            |    49 |     7 ||    56
       Rpst.: Long sword |     8 |       ||     8
